 Dungeon Crawl Stone Soup version 0.21-a0-201-g8501b10 (webtiles) character file.

22 tehllama the Insei (level 2, -7/18 HPs)
             Began as an Octopode Transmuter on Aug 18, 2017.
             Killed from afar by a white imp (9 damage)
             ... with a puff of frost
             ... summoned by Natasha
             ... on level 2 of the Dungeon.
             The game lasted 00:00:45 (850 turns).

tehllama the Insei (Octopode Transmuter)             Turns: 850, Time: 00:00:47

Health: -7/18      AC:  1    Str:  9    XL:     2   Next: 91%
Magic:  4/5        EV: 13    Int: 15    God:
Gold:   12         SH:  0    Dex: 12    Spells: 4/5 levels left

rFire    . . .     SeeInvis .     - Unarmed
rCold    . . .     Gourm    .   (no shield)
rNeg     . . .     Faith    .   (helmet restricted)
rPois    .         Spirit   .   (no amulet)
rElec    .         Reflect  .   (no ring)
rCorr    .         Harm     .   (no ring)
MR       .....                  (no ring)
Stlth    ++........             (no ring)
HPRegen  0.06/turn              (no ring)
MPRegen  0.09/turn              (no ring)
                                (no ring)
                                (no ring)

@: appendage
A: almost no armour, stealthy swim, amphibious, 8 rings, constrict 8, tentacle
spike 3, camouflage 1, gelatinous body 1
a: End Transformation


You were on level 2 of the Dungeon.
You were not hungry.
One of your tentacles had a temporary spike.
You visited 1 branch of the dungeon, and saw 2 of its levels.

You collected 12 gold pieces.

Inventory:

Missiles
 a - 12 arrows
 m - 20 poisoned needles
Jewellery
 l - an uncursed amulet of rage {unknown}
Potions
 e - a potion of curing {unknown}
 f - a potion of degeneration {unknown}
 h - a potion of brilliance {unknown}
 i - 2 potions of might {unknown}
 j - a potion of invisibility {unknown}
 k - a potion of agility {unknown}
Books
 b - a book of Changes

   Spells                             Type                      Level
   a - Beastly Appendage              Transmutation                1
   b - Sticks to Snakes               Transmutation                2
   c - Spider Form                    Transmutation/Poison         3
   d - Ice Form                       Ice/Transmutation            4
   e - Blade Hands                    Transmutation                5
Comestibles
 c - a bread ration
 d - a royal jelly
 g - 4 fruits


   Skills:
 - Level 1.0 Fighting
 - Level 2.0 Dodging
 + Level 4.0 Unarmed Combat
 - Level 2.0 Spellcasting
 - Level 2.0 Transmutations


You had 4 spell levels left.
You knew the following spells:

 Your Spells              Type           Power        Failure   Level  Hunger
a - Beastly Appendage     Tmut           #.....       10%         1    #......


Dungeon Overview and Level Annotations

Branches:
Dungeon (2/15)

Altars:

Annotations:
D:2 Natasha


Innate Abilities, Weirdness & Mutations

You cannot wear most types of armour.
You are very stealthy in the water. (Stealth+)
You are amphibious.
You can wear up to eight rings at the same time.
You can use your tentacles to constrict eight enemies at once.
Your skin changes colour to match your surroundings (Stealth+).
Your rubbery body absorbs attacks. (AC +1, EV +1)
One of your tentacles bears a large vicious spike.


Message History

Natasha hisses angrily.
Natasha extends her claws.
Natasha casts a spell.
You closely miss Natasha. You grab Natasha.
You pierce Natasha.
Natasha is lightly wounded.
You constrict Natasha. Natasha claws you!
You tentacle-slap Natasha.
Natasha is heavily wounded.
You constrict Natasha, but do no damage.
Natasha claws you!
* * * LOW HITPOINT WARNING * * *
You are too injured to fight recklessly!
You are too injured to fight recklessly!
You tentacle-slap Natasha. You squeeze Natasha.
Natasha is severely wounded.
You constrict Natasha. The white imp gestures at you.
The puff of frost hits you!
Ouch! That really hurt!
You die...

...... ..# ##.######.#
.# ... #.##### .# #.#
#.....# #####.# #.....#
..)...###.....# #
........).....# #.###
##########....####......
#....##@h......
#....'..5......
#....####.##### ###+##
.# #


You could see Natasha and a white imp.

Vanquished Creatures
  An adder (D:2)
  2 bats
  A giant cockroach (D:1)
  5 goblins
  A hobgoblin (D:2)
  A kobold (D:1)
11 creatures vanquished.

Notes
Turn   | Place    | Note
-------+----------+-------------------------------------------
     0 | D:1      | tehllama the Octopode Transmuter began the quest for the Orb.
     0 | D:1      | Reached XP level 1. HP: 13/13 MP: 3/3
   272 | D:1      | Reached XP level 2. HP: 18/18 MP: 5/5
   550 | D:2      | Reached skill level 4 in Unarmed Combat
   845 | D:2      | Noticed Natasha
   850 | D:2      | Killed from afar by a white imp

Vault maps used:
D:1:      mainiacjoe_arrival_reflecting_pool
D:2:      minmay_split_cup_large, uniq_robin, uniq_natasha

Skill      XL: |  1  2 |
---------------+-------+-----
Unarmed Combat | 4 |  4.0
Fighting       | |  1.0
Dodging        | |  2.0
Spellcasting   | |  2.0
Transmutations | |  2.0

Action                   || total
-------------------------++-------
Melee: Unarmed           ||    23
       Constrict         ||    10
       Punch             ||     3
       Tentacles         ||     3
       Kick              ||     1
 Cast: Beastly Appendage ||     3
 Stab: Sleeping          ||     4
Armor: Skin              ||     1
Dodge: Dodged            ||     8
